 Dungeon Crawl Stone Soup version 0.21-a0-351-g38363bb (webtiles) character file.

355086 Hasart the Impaler (level 23, -3/182 HPs)
             Began as a Formicid Fighter on Oct 9, 2017.
             Was an Initiate of Gozag.
             Slain by a vault guard
             ... wielding a +0 war axe
              (12 damage)
             ... on level 4 of the Vaults.
             The game lasted 02:35:41 (49329 turns).

Hasart the Impaler (Formicid Fighter)              Turns: 49329, Time: 02:35:42

Health: -3/182     AC: 26    Str: 34    XL:     23   Next: 70%
Magic:  0/37       EV: 14    Int: 12    God:    Gozag
Gold:   2986       SH: 26    Dex: 11    Spells: 35/42 levels left

rFire    + + .     SeeInvis +   w - +9 halberd of the Final Decision {distort, rN+}
rCold    . . .     Gourm    .   j - +3 large shield {AC+3}
rNeg     + . .     Faith    .   v - +2 plate armour "Ubbeps" {Slay+5}
rPois    +         Spirit   +   (helmet unavailable)
rElec    .         Reflect  .   g - scarf {repulsion}
rCorr    .         Harm     .   M - -1 pair of gloves of Weightlessness {rF+ MR+}
MR       ++++.                  Q - +2 pair of boots {run}
Stlth    ..........             O - amulet of guardian spirit
HPRegen  0.40/turn              E - +6 ring of strength
MPRegen  0.25/turn              k - ring "Pisuwin" {rF+ MR+ Int+2}

@: singing, gold aura, bribing [the Vaults], repel missiles, quick
A: permanent stasis, dig shafts and tunnels, four strong arms, antennae 3, fangs
1, poison resistance, subdued magic 1
}: 1/15 runes: serpentine
a: Dig, Shaft Self, Potion Petition, Call Merchant, Bribe Branch, Renounce
Religion


You were on level 4 of the Vaults.
You worshipped Gozag.
Gozag was most pleased with you.
You were very hungry.

You visited 7 branches of the dungeon, and saw 38 of its levels.
You also visited: Sewer and Bailey.

You collected 19705 gold pieces.
You spent 5676 gold pieces at shops.
You paid 11043 gold pieces to Gozag.

Inventory:

Hand Weapons
 w - the +9 halberd of the Final Decision (weapon) {distort, rN+}
   (You bought it in a shop on level 2 of the Lair of Beasts)

   It warps and distorts space around it.
   Unwielding it can cause banishment or high damage.
   It protects you from negative energy.
 N - the +12 eveningstar "Newt's Death Toll" {crush, rPois Dex+5}
   (You found it on level 3 of the Vaults)

   It inflicts extra damage upon your enemies.
   It affects your dexterity (+5).
   It protects you from poison.
Missiles
 b - 6 throwing nets
 B - 22 javelins (quivered)
Armour
 g - a scarf of repulsion (worn)
 j - a +3 large shield of protection (worn)
 v - the +2 plate armour "Ubbeps" (worn) {Slay+5}
   (You bought it in a shop on level 2 of the Lair of Beasts)

   It affects your accuracy and damage with ranged weapons and melee attacks
   (+5).
 M - the -1 pair of gloves of Weightlessness (worn) {rF+ MR+}
   (You found it on level 2 of the Vaults)

   It protects you from fire.
   It affects your resistance to hostile enchantments.
 Q - a +2 pair of boots of running (worn)
 W - a +2 pair of boots of flying
Jewellery
 k - the ring "Pisuwin" (right hand) {rF+ MR+ Int+2}
   (You bought it in a shop on level 2 of the Lair of Beasts)

   [ring of intelligence]

   It affects your intelligence (+2).
   It protects you from fire.
   It affects your resistance to hostile enchantments.
 y - an uncursed ring of ice
 D - a cursed -3 ring of evasion {unknown}
 E - a +6 ring of strength (left hand)
 I - the ring "Bylehoik" {rPois rN+ Dex+4}
   (You found it on level 1 of the Vaults)

   [ring of positive energy]

   It affects your dexterity (+4).
   It protects you from poison.
   It protects you from negative energy.
 O - an amulet of guardian spirit (around neck)
 P - an uncursed ring of resist corrosion
 T - an uncursed ring of fire
Wands
 c - a wand of digging (12/24)
 m - a wand of disintegration (5/24)
 n - a wand of acid (6/15)
 F - a wand of acid (8/15)
 L - a wand of paralysis (23/24)
 X - a wand of lightning (6/15)
Scrolls
 e - 2 scrolls of enchant armour
 h - 15 scrolls of remove curse
 l - 14 scrolls of identify
 p - 2 scrolls of brand weapon
 q - 2 scrolls of enchant weapon
 t - 2 scrolls of silence
 x - 6 scrolls of fear
 H - 6 scrolls of magic mapping
 J - a scroll of recharging
Potions
 d - 6 potions of might
 i - 7 potions of flight
 o - 2 potions of invisibility
 s - 5 potions of mutation
 u - 8 potions of curing
 G - 4 potions of cancellation
 K - 3 potions of resistance
 R - 2 potions of ambrosia
 S - a potion of brilliance
Miscellaneous
 a - 2 phantom mirrors
 r - a fan of gales
 A - 3 boxes of beasts
Comestibles
 f - 21 bread rations
 z - 6 royal jellies
 U - a meat ration
 Y - 51 fruits


   Skills:
 + Level 15.6 Fighting
 * Level 20.0 Polearms
 - Level 10.9 Throwing
 + Level 15.5 Armour
 + Level 11.2 Dodging
 + Level 16.8 Shields
 - Level 10.2 Spellcasting
 + Level 6.4 Charms
 - Level 10.0 Necromancy
 - Level 5.0 Air Magic
 - Level 9.7 Evocations


You had 35 spell levels left.
You knew the following spells:

 Your Spells              Type           Power        Failure   Level  Hunger
a - Swiftness             Chrm/Air       ###.....     5%          2    None
c - Song of Slaying       Chrm           ###.....     4%          2    None
p - Regeneration          Chrm/Necr      ###.......   4%          3    ##.....


Dungeon Overview and Level Annotations

Branches:
Dungeon (15/15)            Temple (0/1) D:7            Lair (6/6) D:10
 Shoals (0/4) Lair:4        Snake (4/4) Lair:2        Slime (0/5) Lair:6
    Orc (2/2) D:12            Elf (3/3) Orc:2        Vaults (5/5) D:13
  Crypt (0/3) Vaults:2     Depths (3/5) D:15

Altars:
Ashenzari
Elyvilon
Gozag
Kikubaaqudgha
Makhleb
Nemelex Xobeh
Okawaru
Qazlal
Sif Muna
Uskayaw
Vehumet
Wu Jian
Yredelemnul
Zin
The Shining One
Beogh

Shops:
D:4 =   D:13 !   Orc:1 [   Orc:2 [?}!   Lair:2 *(((=[[   Snake:1 (
Snake:3 :(:   Vaults:3 !

Portals:
Hell: Depths:1 Depths:2
Pandemonium: Orc:2 Depths:1

Annotations:
D:6 2 transporters
D:10 Nergalle
D:14 Louise
Depths:1 1 runed door, exclusion: orange crystal statue
Depths:3 Saint Roka
Abyss:1 Donald


Innate Abilities, Weirdness & Mutations

You cannot be hasted, slowed, berserked, paralysed or teleported.
You can dig through walls and to a lower floor.
Your four strong arms can wield two-handed weapons with a shield.
You have a pair of large antennae on your head. (SInv)
You have very sharp teeth.
Your system is resistant to poisons. (rPois)
Your spells are a little easier to cast, but a little less powerful.


Message History

Unknown command.
Unknown command.
Unknown command.
Unknown command.
You feel better.
The vault guard is no longer distracted by gold.
The vault guard hits you with a war axe.
* * * LOW HITPOINT WARNING * * *
You block the vault guard's attack.
The vault guard is distracted by your gold.
You block the vault guard's attack.
The vault guard hits you but does no damage.
The vault guard hits you with a great mace.
* * * LOW HITPOINT WARNING * * *
The vault guard shouts!
You feel better.
The vault guard is no longer distracted by gold. x2
The vault guard hits you with a war axe!
You die...
Your body crumbles into a pile of gold.

.................................
..#'#########'##############'####
..#......# #.......# #.......
..#......# #.......# #.......
..#......# #.......# #.......
..#......# #.......# #...<...
..#......# #.......# #....)..
..#...<..# #).ppp..# #.......
..#......# #..p@p..# ########
..#......# #..ppp..# ..#......#
#.......#
..############'##################
.................................
.........................).......
.................................
.................................
##########)######################


You could see 8 vault guards.

Vanquished Creatures
  Jorgrun (Elf:2)
  A deep elf blademaster (Elf:3)
  A titan (Depths:2)
  A deep elf master archer (Elf:3)
  3 liches
  Frances (D:14)
  2 tengu reavers
  Agnes (D:15)
  A storm dragon (Depths:2)
  12 nagarajas
  A fire giant (Depths:2)
  7 deep elf sorcerers
  An orc warlord (Vaults:3)
  2 frost giants (Depths:2)
  3 vault wardens (Vaults:3)
  3 deep elf elementalists (Elf:3)
  A spriggan defender (Depths:2)
  2 ghouls
  4 ironheart preservers
  5 deep elf demonologists
  7 stone giants
  9 very ugly things
  2 vampire knights
  Nessos (Orc:2)
  7 deep elf annihilators (Elf:3)
  The ghost of sergedm the Sorcerer, an adept DECj of Vehumet (Elf:3)
  9 deep elf death magi
  2 fire dragons
  4 ettins
  5 yaktaur captains
  Harold (D:12)
  Erolcha (Orc:2)
  4 ice dragons
  6 naga warriors
  2 deep elf high priests
  3 rakshasas
  18 anacondas
  6 hydras
  3 great orbs of eyes (Depths:1)
  An ice dragon (shapeshifter) (Depths:1)
  7 vault guards
  8 centaur warriors
  2 death knights
  A catoblepas (Lair:2)
  10 ogre magi
  22 two-headed ogres
  3 death yaks (Lair:4)
  5 deep troll earth magi
  4 tengu warriors
  6 shock serpents
  3 spriggan berserkers (Depths:2)
  A vampire mage (D:15)
  10 naga sharpshooters
  5 orc high priests
  A sun demon (Orc:2)
  A shadow wraith (Vaults:4)
  22 deep elf knights
  2 spark wasp zombies (D:15)
  A salamander mystic (Snake:3)
  5 skeletal warriors
  14 deep trolls
  5 unseen horrors
  8 hell knights
  8 naga ritualists
  An orange crystal statue (Depths:1)
  2 glowing orange brains
  2 flayed ghosts
  A gelid demonspawn (Orc:2)
  A torturous demonspawn (Orc:2)
  9 wizards
  14 deep elf archers
  6 necromancers
  2 phantasmal warriors (Vaults:1)
  22 orc knights
  6 ironbrand convokers
  A shadow dragon zombie (Vaults:3)
  A lindwurm (Lair:3)
  A tengu zombie (D:15)
  3 harpies (Vaults:2)
  34 ugly things
  6 salamanders
  49 deep elf magi
  3 cyclopes
  A wolf spider (Vaults:4)
  7 orc sorcerers
  8 mana vipers
  3 oklob plants
  A manticore (D:13)
  10 guardian serpents
  29 black mambas
  A rust devil (Orc:2)
  4 elephants
  2 orange demons (Orc:2)
  6 centaur skeletons
  24 naga magi
  A storm dragon simulacrum (Vaults:4)
  12 vault sentinels
  2 gargoyles
  7 spiny frogs
  2 rime drakes (Lair:4)
  2 human zombies
  A red devil (Depths:1)
  4 freezing wraiths
  An efreet (D:13)
  A hellwing (Depths:1)
  7 komodo dragons
  21 yaktaurs
  A yaktaur (shapeshifter) (Vaults:2)
  A tengu conjurer (D:15)
  6 hornets
  6 trolls
  A merfolk (shapeshifter) (Elf:1)
  A queen bee (D:12)
  3 polar bears (Lair:6)
  3 meliai (D:12)
  A polar bear (shapeshifter) (Vaults:4)
  A wolf spider simulacrum (D:14)
  5 dream sheep (Lair:6)
  7 hippogriffs
  15 slime creatures
  A snapping turtle (Lair:4)
  2 ettin zombies
  A meliai zombie (D:15)
  5 blink frogs (Lair:6)
  A stone giant simulacrum (Vaults:3)
  An ettin skeleton (Vaults:3)
  An air elemental (Elf:3)
  11 spriggans
  2 vampires
  A spriggan (shapeshifter) (Vaults:2)
  A shadow (D:12)
  2 wyverns
  A water elemental (Elf:1)
  A human (shapeshifter) (Vaults:2)
  A tarantella (shapeshifter) (D:14)
  42 yaks
  A basilisk (D:13)
  2 wraiths
  A fire elemental (Elf:3)
  Eustachio (D:5)
  2 human simulacra (Vaults:3)
  2 chaos spawn (Depths:1)
  A hungry ghost (D:7)
  2 vampire mosquitoes (D:13)
  A steam dragon (Lair:5)
  A yaktaur simulacrum (Vaults:1)
  46 nagas
  4 wargs
  Menkaure (D:4)
  A soldier ant (D:15)
  A swamp worm (shapeshifter) (Depths:2)
  18 water moccasins
  Duvessa (D:4)
  7 acid dragons
  59 orc warriors
  12 porcupines
  A phantom (D:12)
  An ice beast (D:9)
  A sky beast (D:7)
  4 black bears
  2 black bears (shapeshifter)
  2 ettin simulacra
  9 boggarts
  61 wolves
  An ogre (shapeshifter) (Vaults:3)
  36 ogres
  A boggart (shapeshifter) (Vaults:1)
  2 elf skeletons (Vaults:4)
  21 centaurs
  9 crocodiles
  2 yaktaur zombies (Vaults:1)
  5 big kobolds
  13 bullfrogs
  2 earth elementals
  2 wyvern zombies
  A gnoll sergeant (D:6)
  Dowan (D:4)
  A wyvern skeleton (D:13)
  4 human skeletons
  3 scorpions
  A water moccasin skeleton (D:6)
  28 killer bees
  9 wights
  4 electric eels
  3 howler monkeys (D:7)
  3 bullfrog zombies
  10 crimson imps
  5 centaur zombies
  A quasit (D:7)
  6 hounds
  31 orc priests
  5 jellies
  31 orc wizards
  A gnoll shaman (D:4)
  A bullfrog skeleton (D:13)
  Ijyb (D:3)
  2 iguanas
  7 worker ants
  A hound zombie (D:8)
  4 hound skeletons
  2 worker ant zombies (D:10)
  A howler monkey skeleton (D:11)
  13 adders
  11 gnolls
  3 shadow imps
  4 oozes
  4 worms
  2 dart slugs (D:1)
  7 leopard geckos
  105 orcs
  12 bats
  8 giant cockroaches
  6 goblins
  3 hobgoblins
  7 jackals
  21 kobolds
  9 quokkas
  2 ball pythons (D:4)
  13 frilled lizards
  15 rats
  A plant (Lair:4)
1497 creatures vanquished.

Vanquished Creatures (collateral kills)
  2 wolves (Lair:3)
  An orc (Vaults:5)
3 creatures vanquished.

Vanquished Creatures (others)
  The ghost of Hasart the Ogre Mage, an adept OgFE of Ashenzari (Vaults:1)
  A deep elf master archer (Elf:3)
  The ghost of arkorax the Severer, an adept FoFi of Qazlal (Depths:1)
  A tengu reaver (Depths:2)
  2 fire giants
  A vault warden (Vaults:4)
  A deep elf elementalist (Elf:3)
  An ironheart preserver (Vaults:1)
  A stone giant (Depths:2)
  A lorocyproca (Depths:1)
  A yaktaur captain (Vaults:5)
  2 great orbs of eyes (Depths:2)
  A vault guard (Vaults:1)
  2 deep elf high priests
  2 naga warriors (Snake:4)
  A rakshasa (Vaults:2)
  2 hydras
  3 two-headed ogres
  A centaur warrior (D:13)
  26 dancing weapons
  An ogre mage (D:14)
  A naga sharpshooter (Snake:1)
  A deep troll earth mage (Vaults:3)
  3 shock serpents
  An orc high priest (Orc:2)
  A shadow wraith (Vaults:4)
  A salamander mystic (Snake:1)
  A skeletal warrior (D:15)
  2 deep trolls
  A deep elf archer (Elf:2)
  2 naga ritualists
  4 orc knights
  An ironbrand convoker (Vaults:1)
  A necromancer (Vaults:4)
  4 deep elf magi
  2 mana vipers
  5 ugly things
  3 salamanders
  3 orc sorcerers
  4 guardian serpents
  5 black mambas
  2 naga magi
  4 yaktaurs
  6 centaur skeletons (D:13)
  A human skeleton (Vaults:1)
  A hornet (Lair:6)
  3 slime creatures
  A meliai zombie (D:12)
  2 water elementals (Elf:3)
  7 yaks
  A chaos spawn (Orc:2)
  A naga (Snake:1)
  An acid dragon (Vaults:2)
  A necrophage (D:13)
  8 orc warriors
  A wolf (Lair:6)
  A bullfrog (D:9)
  An earth elemental (Elf:1)
  A wight (D:13)
  A crimson imp (D:15)
  An orc priest (Orc:2)
  An orc wizard (Vaults:4)
  An orc (Vaults:5)
  A quokka (D:6)
  15 fungi
  7 plants
  3 withered plants (D:15)
172 creatures vanquished.

Grand Total: 1672 creatures vanquished

Notes
Turn   | Place    | Note
-------+----------+-------------------------------------------
     0 | D:1      | Hasart the Formicid Fighter began the quest for the Orb.
     0 | D:1      | Reached XP level 1. HP: 18/18 MP: 1/1
   103 | D:1      | Reached XP level 2. HP: 24/24 MP: 2/2
   192 | D:1      | Reached skill level 3 in Polearms
   336 | D:1      | Reached XP level 3. HP: 29/29 MP: 3/3
   683 | D:2      | Found an ancient bone altar of Kikubaaqudgha.
   771 | D:2      | Reached skill level 4 in Polearms
   771 | D:2      | Reached XP level 4. HP: 35/35 MP: 4/4
   925 | D:2      | Found an ornate altar of the Wu Jian Council.
  1421 | D:3      | Reached XP level 5. HP: 40/41 MP: 5/5
  1661 | D:3      | Reached skill level 5 in Polearms
  1669 | D:3      | Noticed Ijyb
  1693 | D:3      | Killed Ijyb
  1701 | D:3      | Found an opulent altar of Gozag.
  1719 | D:3      | Became a worshipper of Gozag Ym Sagoz the Greedy
  2034 | D:4      | Noticed Duvessa
  2034 | D:4      | Noticed Dowan
  2034 | D:4      | Noticed an ogre
  2105 | D:4      | Found a glowing drain.
  2121 | Sewer    | Entered a sewer
  2190 | Sewer    | Reached XP level 6. HP: 43/47 MP: 6/6
  2687 | Sewer    | Reached skill level 6 in Polearms
  3000 | D:4      | Killed Duvessa
  3016 | D:4      | Found Ranwiuco's Jewellery Shoppe.
  3019 | D:4      | Killed Dowan
  3019 | D:4      | Reached skill level 7 in Polearms
  3019 | D:4      | Reached XP level 7. HP: 52/52 MP: 7/7
  3214 | D:4      | Noticed Menkaure
  3222 | D:4      | Killed Menkaure
  3222 | D:4      | Reached skill level 8 in Polearms
  3405 | D:4      | Reached XP level 8. HP: 42/58 MP: 8/8
  3686 | D:5      | Entered Level 5 of the Dungeon
  3757 | D:5      | Noticed Eustachio
  3810 | D:5      | Killed Eustachio
  4057 | D:5      | Found a deep blue altar of Sif Muna.
  4532 | D:6      | Reached skill level 9 in Polearms
  4730 | D:6      | Reached skill level 5 in Shields
  4787 | D:6      | Reached XP level 9. HP: 58/66 MP: 9/9
  4792 | D:6      | Found a white marble altar of Elyvilon.
  4949 | D:6      | Found a transporter.
  4998 | D:6      | Reached skill level 5 in Fighting
  4998 | D:6      | Reached skill level 5 in Armour
  5391 | D:6      | Found a transporter.
  5709 | D:7      | Found a staircase to the Ecumenical Temple.
  5926 | D:7      | Reached skill level 10 in Polearms
  6027 | D:7      | Found a glowing silver altar of Zin.
  6027 | D:7      | Found a glowing golden altar of the Shining One.
  6965 | D:8      | Reached XP level 10. HP: 76/76 MP: 10/10
  7056 | D:8      | Found a burning altar of Makhleb.
  7269 | D:8      | You fall through a shaft for 2 floors!
  7269 | D:10     | Entered Level 10 of the Dungeon
  7542 | D:10     | Reached skill level 11 in Polearms
  7650 | D:10     | Found a staircase to the Lair.
  7682 | D:10     | Noticed a gargoyle
  7699 | D:10     | Killed a gargoyle
  7914 | D:9      | Found a hide-covered altar of Uskayaw.
  8041 | D:9      | Found a basalt altar of Yredelemnul.
  8047 | D:9      | Found a shattered altar of Ashenzari.
  8488 | D:9      | Found a sparkling altar of Nemelex Xobeh.
  8685 | D:9      | Reached XP level 11. HP: 84/84 MP: 11/11
  9241 | D:8      | Found a stormy altar of Qazlal.
  9509 | Lair:1   | Entered Level 1 of the Lair of Beasts
  9672 | Lair:1   | Noticed a four-headed hydra
  9691 | Lair:1   | Killed a five-headed hydra
  9691 | Lair:1   | Reached skill level 12 in Polearms
 10281 | Lair:1   | Noticed a five-headed hydra
 10311 | Lair:1   | You fall through a shaft!
 10336 | Lair:2   | HP: 3/86 [wolf (7)]
 10354 | Lair:2   | HP: 4/86 [wolf (5)]
 11068 | Lair:2   | Found a glowing silver altar of Zin.
 11153 | Lair:2   | Found a staircase to the Snake Pit.
 11355 | Lair:2   | Noticed a catoblepas
 11368 | Lair:2   | Killed a catoblepas
 12023 | Lair:1   | Killed a six-headed hydra
 12023 | Lair:1   | Reached skill level 1 in Evocations
 12023 | Lair:1   | Reached XP level 12. HP: 78/94 MP: 11/13
 12478 | Lair:2   | Reached skill level 13 in Polearms
 12729 | Lair:3   | Reached skill level 10 in Shields
 13369 | Lair:3   | Reached skill level 5 in Evocations
 13955 | Lair:3   | Gained mutation: Scrolls take you a little longer to read. [potion of mutation]
 13955 | Lair:3   | Gained mutation: Your muscles are strong. (Str +2) [potion of mutation]
 13955 | Lair:3   | Gained mutation: You have very sharp teeth. [potion of mutation]
 13956 | Lair:3   | Lost mutation: Scrolls take you a little longer to read. [potion of mutation]
 13956 | Lair:3   | Lost mutation: Your muscles are strong. (Str +2) [potion of mutation]
 13956 | Lair:3   | Gained mutation: Your spells are a little easier to cast, but a little less powerful. [potion of mutation]
 13956 | Lair:3   | Gained mutation: Your system is resistant to poisons. (rPois) [potion of mutation]
 14456 | Lair:2   | Bought the +9 halberd of the Final Decision {distort, rN+} for 794 gold pieces
 14864 | Lair:4   | Reached XP level 13. HP: 77/102 MP: 17/17
 14908 | Lair:4   | Found a staircase to the Shoals.
 15472 | Lair:4   | Reached skill level 1 in Dodging
 15538 | Lair:4   | Reached skill level 10 in Armour
 15572 | Lair:4   | Reached skill level 10 in Fighting
 15859 | Lair:4   | Found an iron altar of Okawaru.
 16288 | Lair:5   | Noticed an eight-headed hydra
 16518 | Lair:5   | Noticed a four-headed hydra
 16898 | Lair:5   | Reached skill level 1 in Throwing
 17319 | Lair:5   | Banished an 11-headed hydra
 17456 | Lair:5   | Reached skill level 14 in Polearms
 17507 | Lair:5   | Banished a 14-headed hydra
 17519 | Lair:6   | Entered Level 6 of the Lair of Beasts
 17519 | Lair:6   | Noticed a four-headed hydra
 17559 | Lair:5   | Killed a ten-headed hydra
 17916 | Lair:6   | Reached XP level 14. HP: 91/111 MP: 19/19
 18626 | Lair:6   | Found a staircase to the Slime Pits.
 19500 | D:10     | Noticed Nergalle
 19670 | D:10     | Found the +3 salamander hide armour {+Rage rF++}
 19812 | D:11     | Got a crystal trident
 19813 | D:11     | Identified the +6 trident of Megalomania {freeze, rPois Str-4 Int+2} (You found it on level 11 of the Dungeon)
 19925 | D:11     | Got a distressingly furry chain mail
 19926 | D:11     | Identified the +6 chain mail of Analysis {rElec rPois Str-3 SInv} (You found it on level 11 of the Dungeon)
 20695 | D:12     | You fall through a shaft for 2 floors!
 20923 | D:13     | Reached skill level 15 in Polearms
 21161 | D:13     | Reached XP level 15. HP: 119/119 MP: 20/20
 21238 | D:13     | Reached skill level 5 in Dodging
 21302 | D:13     | Reached skill level 5 in Throwing
 21374 | D:13     | Found a gate to the Vaults.
 21417 | D:13     | Found Ifemocuq's Distillery.
 22579 | D:12     | Found a staircase to the Orcish Mines.
 22706 | D:12     | Noticed Harold
 22869 | D:12     | Killed Harold
 23105 | Orc:1    | Entered Level 1 of the Orcish Mines
 23152 | Orc:1    | Found a flagged portal.
 23164 | Bailey   | Entered a bailey
 23232 | Bailey   | Found a burning altar of Makhleb.
 23542 | Orc:1    | Found Qurafius's Antique Armour Emporium.
 23551 | Orc:1    | Bought a transparent shield for 266 gold pieces
 23551 | Orc:1    | Bought a glowing large shield for 210 gold pieces
 23561 | Orc:1    | Identified the +2 shield of the Endless Expanse {rPois MR- Regen+ rCorr} (You bought it in a shop on level 1 of the Orcish Mines)
 24072 | Orc:2    | Entered Level 2 of the Orcish Mines
 24186 | Orc:2    | Found Taogaqov's Magic Scroll Shop.
 24220 | Orc:2    | Found Dairroxo's Distillery.
 24284 | Orc:2    | Bought a potion of heal wounds for 70 gold pieces
 24286 | Orc:2    | Bought a scroll of enchant armour for 105 gold pieces
 24288 | Orc:2    | Bought a potion of heal wounds for 70 gold pieces
 24288 | Orc:2    | Bought a potion of curing for 42 gold pieces
 24288 | Orc:2    | Bought a potion of curing for 42 gold pieces
 24288 | Orc:2    | Bought a potion of heal wounds for 70 gold pieces
 24374 | Orc:2    | Noticed Erolcha
 24382 | Orc:2    | Killed Erolcha
 24393 | Orc:2    | Noticed Nessos
 24410 | Orc:2    | Killed Nessos
 24750 | Orc:2    | Found a staircase to the Elven Halls.
 24942 | Orc:2    | Reached XP level 16. HP: 116/127 MP: 18/21
 24998 | Orc:2    | Reached skill level 16 in Polearms
 25055 | Orc:2    | Found Duamip's Gadget Shoppe.
 25055 | Orc:2    | Found Usmell's Antique Armour Emporium.
 25055 | Orc:2    | Found a one-way gate leading to the halls of Pandemonium.
 25367 | Orc:2    | Noticed Donald
 25372 | Orc:2    | Banished Donald
 25739 | Lair:2   | Bought an encrusted chain mail for 266 gold pieces
 25740 | Lair:2   | Identified the cursed +0 chain mail "Cyliac" {Regen+ Str+2 Int-2 SInv} (You bought it in a shop on level 2 of the Lair of Beasts)
 25787 | Lair:2   | Bought a steaming halberd for 207 gold pieces
 25787 | Lair:2   | Identified the +1 halberd "Orojits" {speed, Str-4 Int+6 Stlth+} (You bought it in a shop on level 2 of the Lair of Beasts)
 25847 | Snake:1  | Entered Level 1 of the Snake Pit
 26163 | Snake:1  | Found Josmig's Weapon Shoppe.
 26183 | Snake:1  | Noticed a nagaraja
 26206 | Snake:1  | Killed a nagaraja
 27761 | Snake:2  | Reached XP level 17. HP: 131/135 MP: 22/22
 28577 | Snake:3  | Found Yplonifo's Book Emporium.
 28581 | Snake:3  | Found Ebarch's Antique Weapon Shoppe.
 28582 | Snake:3  | Found Mitut's Book Emporium.
 28995 | Snake:3  | Reached skill level 17 in Polearms
 29836 | Snake:4  | Entered Level 4 of the Snake Pit
 30711 | Snake:4  | Reached XP level 18. HP: 113/144 MP: 23/23
 31575 | Snake:4  | Got a serpentine rune of Zot
 32281 | D:15     | Entered Level 15 of the Dungeon
 32304 | D:15     | Found an opulent altar of Gozag.
 32445 | D:15     | Found a staircase to the Depths.
 32446 | D:15     | Noticed Agnes
 32479 | D:15     | Killed Agnes
 32479 | D:15     | Reached skill level 18 in Polearms
 32519 | D:15     | Reached skill level 15 in Shields
 33150 | Depths:1 | Entered Level 1 of the Depths
 33150 | Depths:1 | Noticed arkorax's ghost (adept FoFi)
 33154 | Depths:1 | Banished arkorax's ghost
 33225 | Depths:1 | Reached XP level 19. HP: 134/152 MP: 24/24
 33933 | Depths:1 | Found a gateway to Hell.
 34080 | Depths:1 | Reached skill level 10 in Throwing
 34593 | Depths:1 | Found a runed door.
 35357 | Depths:2 | Noticed a titan
 35605 | Depths:2 | Found a basalt altar of Yredelemnul.
 35750 | Depths:2 | Noticed Saint Roka
 35893 | Depths:2 | Reached skill level 10 in Dodging
 36281 | Depths:2 | Noticed a lich
 36287 | Depths:2 | Killed a lich
 36287 | Depths:2 | Reached XP level 20. HP: 160/160 MP: 26/26
 36536 | Depths:2 | Learned a level 2 spell: Swiftness
 36637 | Depths:2 | Reached skill level 1 in Spellcasting
 36637 | Depths:2 | Reached skill level 1 in Charms
 36637 | Depths:2 | Reached skill level 1 in Air Magic
 37208 | Lair:2   | Bought a pair of embroidered boots for 300 gold pieces
 37208 | Lair:2   | Bought a slimy chain mail for 380 gold pieces
 37208 | Lair:2   | Bought a pair of runed boots for 300 gold pieces
 37218 | Lair:2   | Identified a +2 pair of boots of running (You bought it in a shop on level 2 of the Lair of Beasts)
 37252 | Lair:2   | Identified the +1 chain mail of Weightlessness {+Fly} (You bought it in a shop on level 2 of the Lair of Beasts)
 37288 | Lair:2   | Bought the ring "Pisuwin" {rF+ MR+ Int+2} for 298 gold pieces
 37294 | Lair:2   | Identified a scroll of acquirement
 37480 | Elf:1    | Entered Level 1 of the Elven Halls
 38475 | Elf:2    | Found an ancient bone altar of Kikubaaqudgha.
 38808 | Elf:2    | Found a runed door.
 38834 | Elf:2    | Found a runed door.
 38974 | Elf:2    | Reached skill level 5 in Spellcasting
 38985 | Elf:2    | Reached skill level 5 in Charms
 39648 | Elf:3    | Entered Level 3 of the Elven Halls
 39728 | Elf:3    | Reached skill level 5 in Air Magic
 39748 | Elf:3    | Noticed sergedm's ghost (adept DECj)
 39786 | Elf:3    | Killed sergedm's ghost
 39877 | Elf:3    | Noticed Jorgrun
 40024 | Elf:3    | Reached XP level 21. HP: 156/166 MP: 27/30
 40230 | Elf:3    | HP: 5/166 [Jorgrun/staff of earth (12)]
 40235 | Elf:3    | HP: 6/166 [Executioner[a deep elf demonologist] (3)]
 40237 | Elf:3    | Noticed a Brimstone Fiend
 40609 | Elf:2    | Killed Jorgrun
 40609 | Elf:2    | Reached skill level 19 in Polearms
 41179 | Elf:3    | Got a twitching bronze ring
 41531 | Elf:3    | Reached skill level 15 in Fighting
 41784 | Elf:3    | Got a steaming diamond amulet
 41888 | Elf:3    | Identified Sif Muna's Incunabulum of Igneous Snow
 41906 | Elf:3    | Identified the ring "Qiyral" {*Slow MR+ EV+2 Str+2 Stlth+} (You took it off a deep elf demonologist on level 3 of the Elven Halls)
 41907 | Elf:3    | Identified the amulet of Joumme {RegenMP +Inv rN+ MR+ Int+4} (You took it off a deep elf archer on level 3 of the Elven Halls)
 42449 | Lair:2   | Bought a pitted plate armour for 1092 gold pieces
 42449 | Lair:2   | Bought an emerald-encrusted plate armour for 1092 gold pieces
 42449 | Lair:2   | Identified the +2 plate armour "Ubbeps" {Slay+5} (You bought it in a shop on level 2 of the Lair of Beasts)
 42450 | Lair:2   | Identified the +10 plate armour of the Known World {rN+ MP+9} (You bought it in a shop on level 2 of the Lair of Beasts)
 42480 | Lair:2   | Learned a level 2 spell: Song of Slaying
 42485 | Lair:2   | Learned a level 3 spell: Regeneration
 42826 | D:14     | Reached skill level 1 in Necromancy
 43027 | D:14     | Noticed Frances
 43187 | D:14     | Noticed Louise
 43384 | D:14     | Found a runed door.
 43400 | D:14     | Killed Frances
 43439 | D:14     | Found a roughly hewn altar of Beogh.
 43572 | Vaults:1 | Entered Level 1 of the Vaults
 43686 | Vaults:1 | Got a translucent platinum ring
 43689 | Vaults:1 | Identified the ring "Bylehoik" {rPois rN+ Dex+4} (You found it on level 1 of the Vaults)
 43926 | Vaults:1 | Reached skill level 5 in Necromancy
 43926 | Vaults:1 | Reached XP level 22. HP: 175/175 MP: 32/32
 44214 | Vaults:1 | Noticed Hasart's ghost (adept OgFE)
 44216 | Vaults:1 | Banished Hasart's ghost
 44575 | Vaults:1 | Got a fine chain mail
 44576 | Vaults:1 | Identified the +4 chain mail "Circhier" {rF- Str+6 Int+8 Dex-4 SInv} (You found it on level 1 of the Vaults)
 45430 | Vaults:2 | Got a pair of smoking gloves
 45441 | Vaults:2 | Identified the -1 pair of gloves of Weightlessness {rF+ MR+} (You found it on level 2 of the Vaults)
 45629 | Vaults:2 | Found a staircase to the Crypt.
 45629 | Vaults:2 | Found a basalt altar of Yredelemnul.
 45630 | Vaults:2 | Found an ancient bone altar of Kikubaaqudgha.
 46049 | Vaults:2 | Reached skill level 10 in Necromancy
 46180 | Vaults:3 | Reached skill level 15 in Armour
 46392 | Vaults:3 | Reached XP level 23. HP: 173/181 MP: 33/36
 46616 | Vaults:3 | Found Plog's Distillery.
 46624 | Vaults:3 | Bought a potion of curing for 36 gold pieces
 46624 | Vaults:3 | Bought a potion of curing for 36 gold pieces
 46759 | Vaults:3 | Found a roughly hewn altar of Beogh.
 46885 | Vaults:3 | Got a slimy eveningstar
 46886 | Vaults:3 | Identified the +12 eveningstar "Newt's Death Toll" {crush, rPois Dex+5} (You found it on level 3 of the Vaults)
 47630 | Vaults:4 | Reached skill level 10 in Spellcasting
 48930 | Vaults:4 | Found a radiant altar of Vehumet.
 49141 | Vaults:4 | Reached skill level 20 in Polearms
 49273 | Vaults:5 | Entered Level 5 of the Vaults
 49326 | Vaults:5 | HP: 9/182 [vault guard/great mace (5)]
 49326 | Vaults:5 | HP: 4/182 [vault guard/great mace (5)]
 49329 | Vaults:4 | Slain by a vault guard

Vault maps used:
D:1:      dpeg_arrival_central
D:2:      lemuel_crystal_altar, overflow_temple_1_default
D:3:      lemuel_doored_altar, uniq_ijyb
D:4:      cheibrodos_sewer_entry_drain, serial_shops, shop, uniq_menkaure,
          uniq_duvessa
D:5:      led_sif_book, first_bread, uniq_eustachio
D:6:      gammafunk_cloud_chamber, elyvilon_altar_4
D:7:      gammafunk_temple_overflow_wave, temple_doors_e
D:8:      nicolae_qazlal_eye_of_the_storm, old_standard_altar, the_bakery
D:9:      nemelex_altar_shiori, eat_drink_and_be_merry_uskayaw,
          gammafunk_temple_overflow_statue, minmay_misc_feat_roman,
          lemuel_flamethrower_2
D:10:     lair_entry_dummy, minmay_the_grid_2x2, uniq_nergalle
D:11:     serial_column_ruins, column_ruins_hut, column_ruins_hut,
          column_ruins_corridor_straight, column_ruins_open_large,
          column_ruins_open_tiny
D:12:     david_orc_4, special_room, uniq_harold
D:13:     hangedman_vaults_entry_quadrant_bands, serial_shops,
          nicolae_shop_stone
D:14:     hangedman_decor_lopped, lightli_church_of_beogh, uniq_frances,
          uniq_louise
D:15:     gammafunk_depths_entry_grave, nicolae_gozag_seed_capital, uniq_agnes
Lair:1:   beast_lair_carwin_8
Lair:2:   dummy_snake_entry, basic_altar
Lair:3:   grunt_forest_large_clearings, serial_bayou_shore_b
Lair:4:   minmay_shoals_entry_hut, basic_altar, minmay_lair_oklob_chamber,
          lemuel_fruit_fields
Lair:5:   beast_lair_carwin_large_3, nicolae_quartered_pool_super,
          serial_bayou_shore_a
Lair:6:   minmay_lair_end_enchanted_forest, minmay_slime_entry_oklob_open,
          st_stairs_6, grunt_megastairs_5
Snake:1:  serial_shops, shop, grunt_ministairs_14, grunt_megastairs_4
Snake:2:  abandoned_shop, st_stairs_5
Snake:3:  nicolae_snake_biting_tails, minmay_shop_star
Snake:4:  grunt_snake_rune_serpentine_throne
Orc:1:    enter_bailey_8, serial_shops, shop
Orc:2:    pf_orc_diabolical, uniq_nessos, uniq_erolcha, uniq_donald
Elf:1:    elf_arrival_001, minmay_elf_crystal_heptagon
Elf:2:    basic_altar
Elf:3:    elf_hall, uniq_jorgrun
Vaults:1: nicolae_vaults_hallways_thing, vaults_room_guarded_vault,
          vaults_room_grid, grunt_vaults_swirl, v_pattern_2,
          nicolae_vaults_ring_of_whatevers, vaults_mumra_minichess_inversion,
          hangedman_vaults_stretched_pinwheel, hangedman_vaults_unwind,
          v_misc_11, hangedman_vaults_nails, nicolae_vaults_diagonal_hallway_8,
          ontoclasm_vaults_ring_small, nicolae_vaults_back_hallway
Vaults:2: minmay_crypt_entry_necro_gods, v_alt_pattern_3,
          hangedman_vaults_nails, ontoclasm_vaults_pinch,
          hangedman_vaults_corner, vaults_mumra_lcd, vaults_mumra_chevron
Vaults:3: v_misc_22, ontoclasm_vaults_hangar, special_room_vaults,
          v_alt_pattern_1, hangedman_vaults_slice, vaults_standard_mumra_lines,
          hangedman_vaults_variations, ontoclasm_vaults_ring_large, v_misc_9,
          v_rooms_1, nicolae_vaults_sealed_display, grunt_vaults_focal,
          vaults_dpeg_hooks, serial_shops, shop_fountains
Vaults:4: hangedman_vaults_trim, ontoclasm_vaults_ring_small,
          nicolae_vaults_network_periphery, grunt_tower_of_power,
          ontoclasm_vaults_ring_small, ontoclasm_vaults_decontamination,
          vaults_room_semicircle, nicolae_vaults_theta, vaults_room_semicircle
Vaults:5: serial_shops, uniq_jory, uniq_sojobo
Depths:1: pf_vacation_house_of_asmodeus, serial_sigils_hangedman_writhe,
          rand_demon_pan_entry_7, minivault_16, minmay_misc_feat_pillars,
          grunt_ministairs_8, minmay_crystal_box
Depths:2: minmay_bad_star, lemuel_crystal_altar, grunt_hell_entry_dis_mu,
          uniq_saint_roka
Depths:3: four-leaf_vault, enter_ziggurat_c, pan_entry, serial_shops, shop,
          hell_entry, grunt_tough_drop, minmay_staircase_bubble
Sewer:    sewer_fruit_machine
Bailey:   bailey_axe_3, bailey

Skill      XL: |  1  2  3  4  5  6  7  8  9 10 11 12 13 14 15 16 17 18 19 20 21 22 23 |
---------------+----------------------------------------------------------------------+-----
Polearms       | 3 4 5 7 8 9 10 11 12 13 14 15 16 17 18 19 20 | 20.0
Shields        | 5 6 8 9 10 11 12 13 14 15 16 | 16.8
Armour         | 4 6 7 8 9 10 11 12 13 14 15 | 15.5
Fighting       | 4 5 7 8 9 10 11 12 13 14 15 | 15.6
Evocations     | 1 6 7 8 9 |  9.7
Dodging        | 3 4 6 7 8 9 10 11 | 11.2
Throwing       | 2 4 6 7 8 9 10 | 10.9
Spellcasting   | 6 7 9 10 | 10.2
Charms         | 6 |  6.4
Air Magic      | 5 |  5.0
Necromancy     | 5 10 | 10.0

Action                   |  1- 3 |  4- 6 |  7- 9 | 10-12 | 13-15 | 16-18 | 19-21 | 22-24 || total
-------------------------+-------+-------+-------+-------+-------+-------+-------+-------++-------
Melee: Trident           |   108 |   329 |    65 |       |       |       |       |       ||   502
       Halberd           |       |       |   382 |   890 |  1283 |  1254 |  1478 |   958 ||  6245
       Spear             |       |       |       |    36 |       |       |       |       ||    36
       Bite              |       |       |       |     9 |   105 |    99 |   162 |   133 ||   508
Throw: Throwing net      |       |       |       |     1 |       |       |       |       ||     1
       Javelin           |       |       |       |       |       |       |     6 |       ||     6
 Cast: Swiftness         |       |       |       |       |       |       |     2 |       ||     2
       Song of Slaying   |       |       |       |       |       |       |     1 |    25 ||    26
       Regeneration      |       |       |       |       |       |       |       |    10 ||    10
Invok: Potion Petition   |       |     1 |       |     2 |       |       |       |       ||     3
       Call Merchant     |       |       |       |     2 |       |     2 |     3 |       ||     7
       Bribe Branch      |       |       |       |       |       |       |       |     1 ||     1
 Abil: Shaft Self        |       |       |       |     1 |       |       |       |       ||     1
       Dig               |       |       |       |     3 |     8 |     3 |     8 |     1 ||    23
Evoke: Wand              |       |       |       |     1 |     1 |       |       |       ||     2
  Use: Potion            |       |     2 |       |    11 |     1 |     5 |     4 |     5 ||    28
       Scroll            |       |       |     3 |    12 |     5 |     7 |     6 |     2 ||    35
 Stab: Distracted        |       |     1 |     1 |     8 |     2 |     3 |     5 |     7 ||    27
  Eat: Chunk             |       |     4 |       |       |       |       |       |       ||     4
       Meat ration       |       |     1 |     2 |     2 |     5 |     2 |     5 |     2 ||    19
       Royal jelly       |       |       |     2 |     8 |     1 |     9 |     5 |     3 ||    28
       Fruit             |       |       |       |     2 |     8 |       |       |       ||    10
Armor: Scale mail        |    39 |   143 |   130 |   355 |   108 |       |       |       ||   775
       Chain mail        |       |       |    30 |       |   139 |   187 |   221 |       ||   577
       Plate armour      |       |       |       |       |       |       |     8 |   133 ||   141
Dodge: Dodged            |    22 |    65 |    58 |   207 |   167 |   156 |   193 |   122 ||   990
       Deflected         |       |       |       |       |       |       |    22 |    25 ||    47
Block: Shield            |    49 |    16 |       |       |       |       |       |       ||    65
       Large shield      |       |   206 |   326 |   857 |   745 |   809 |   868 |   661 ||  4472

Table legend:
 A = Spawn XP
 B = Non-spawn XP
 C = Spawn XP percentage of total XP
 D = Spawn monster count
 E = Non-spawn monster count
 F = Spawn count percentage of total count
 G = Total turns spent on level
                    A         B        C        D         E        F      G
               +---------+---------+-------+---------+---------+-------+---------
         Total |       0 |  667715 |   0.0 |       0 |    1653 |   0.0 | 49329
               +---------+---------+-------+---------+---------+-------+---------
           D:1 |       0 |      37 |   0.0 |       0 |      22 |   0.0 |   595
           D:2 |       0 |      97 |   0.0 |       0 |      20 |   0.0 |   774
           D:3 |       0 |     133 |   0.0 |       0 |      29 |   0.0 |   793
           D:4 |       0 |     732 |   0.0 |       0 |      19 |   0.0 |   781
           D:5 |       0 |     464 |   0.0 |       0 |      10 |   0.0 |   842
           D:6 |       0 |     898 |   0.0 |       0 |      19 |   0.0 |  1065
           D:7 |       0 |     797 |   0.0 |       0 |      16 |   0.0 |   882
           D:8 |       0 |    1426 |   0.0 |       0 |      30 |   0.0 |  1062
           D:9 |       0 |    2397 |   0.0 |       0 |      26 |   0.0 |  1305
          D:10 |       0 |    4128 |   0.0 |       0 |      33 |   0.0 |  1443
          D:11 |       0 |    3338 |   0.0 |       0 |      14 |   0.0 |  1153
          D:12 |       0 |    8949 |   0.0 |       0 |      74 |   0.0 |  1233
          D:13 |       0 |   19580 |   0.0 |       0 |      81 |   0.0 |  1299
          D:14 |       0 |   20470 |   0.0 |       0 |      54 |   0.0 |   980
          D:15 |       0 |   23318 |   0.0 |       0 |      48 |   0.0 |   975
        Lair:1 |       0 |    5355 |   0.0 |       0 |      26 |   0.0 |  1427
        Lair:2 |       0 |    5719 |   0.0 |       0 |      30 |   0.0 |  2698
        Lair:3 |       0 |    6846 |   0.0 |       0 |      37 |   0.0 |  1727
        Lair:4 |       0 |    7078 |   0.0 |       0 |      18 |   0.0 |  1253
        Lair:5 |       0 |    7654 |   0.0 |       0 |      27 |   0.0 |  1488
        Lair:6 |       0 |   15608 |   0.0 |       0 |      78 |   0.0 |  1434
       Snake:1 |       0 |   31514 |   0.0 |       0 |      62 |   0.0 |  1915
       Snake:2 |       0 |   13329 |   0.0 |       0 |      26 |   0.0 |   513
       Snake:3 |       0 |   11739 |   0.0 |       0 |      23 |   0.0 |  1613
       Snake:4 |       0 |   61860 |   0.0 |       0 |      92 |   0.0 |  2203
         Orc:1 |       0 |    2291 |   0.0 |       0 |      25 |   0.0 |   796
         Orc:2 |       0 |   21262 |   0.0 |       0 |     102 |   0.0 |  1583
         Elf:1 |       0 |   21991 |   0.0 |       0 |      36 |   0.0 |  1027
         Elf:2 |       0 |   38546 |   0.0 |       0 |      50 |   0.0 |  1656
         Elf:3 |       0 |   66433 |   0.0 |       0 |      67 |   0.0 |  2112
      Vaults:1 |       0 |   46249 |   0.0 |       0 |      86 |   0.0 |  1251
      Vaults:2 |       0 |   33274 |   0.0 |       0 |      60 |   0.0 |  1304
      Vaults:3 |       0 |   47654 |   0.0 |       0 |      96 |   0.0 |  1408
      Vaults:4 |       0 |   45282 |   0.0 |       0 |      73 |   0.0 |  1740
      Vaults:5 |       0 |    3192 |   0.0 |       0 |       4 |   0.0 |    54
      Depths:1 |       0 |   42802 |   0.0 |       0 |      53 |   0.0 |  2102
      Depths:2 |       0 |   44541 |   0.0 |       0 |      50 |   0.0 |  1887
      Depths:3 |       0 |     250 |   0.0 |       0 |       1 |   0.0 |    11
         Sewer |       0 |      69 |   0.0 |       0 |      24 |   0.0 |   743
        Bailey |       0 |     413 |   0.0 |       0 |      12 |   0.0 |   202
               +---------+---------+-------+---------+---------+-------+---------
